 Dungeon Crawl Stone Soup version 0.30.1-4-g462c640d31 (webtiles) character file.

Game seed: 1896590913824260103

20496 mortz the Thaumaturge (level 12, -16/59 HPs)
             Began as a Deep Elf Conjurer on Sept 15, 2023.
             Was an Initiate of Gozag.
             Demolished by a black mamba (30 damage)
             ... on level 3 of the Lair of Beasts.
             The game lasted 01:20:07 (17686 turns).

mortz the Thaumaturge (Deep Elf Conjurer)          Turns: 17686, Time: 01:20:08

Health: -16/59     AC:  7    Str:  4    XL:     12   Next: 45%
Magic:  15/40      EV:  2    Int: 35    God:    Gozag
Gold:   2015       SH:  0    Dex: 13    Spells: 17/37 levels left

rFire   . . .        J - +5 flail
rCold   . . .        (no shield)
rNeg    . . .        j - +0 leather armour
rPois   .            D - +0 helmet
rElec   .            k - +0 cloak
rCorr   .            a - +0 pair of gloves
SInv    .            p - +0 pair of boots
Will    +....        f - amulet of reflection
Stlth   ++           N - ring of magical power
HPRegen 0.29/turn    u - +6 ring of intelligence
MPRegen 0.27/turn

%: reflection
@: sleeping, gold aura
A: no striking features
a: Renounce Religion, Potion Petition, Call Merchant, Bribe Branch


You were on level 3 of the Lair of Beasts.
You worshipped Gozag.
Gozag was most pleased with you.
You visited 3 branches of the dungeon, and saw 15 of its levels.

You collected 3310 gold pieces.
You spent 1275 gold pieces at shops.
You paid 20 gold pieces to Gozag.

Inventory:

Hand Weapons
 g - a +2 war axe
 m - a +4 flail
 H - a +0 shortbow
 J - a +5 flail (weapon)
 K - a +2 spear
 U - a +2 dagger of speed
 W - a +2 falchion of holy wrath
Missiles
 d - 2 throwing nets
 i - 9 boomerangs
 M - 3 silver boomerangs
 O - 9 poisoned darts
Armour
 a - a +0 pair of gloves (worn)
 j - a +0 leather armour (worn)
 k - a +0 cloak (worn)
 p - a +0 pair of boots (worn)
 w - a +0 buckler
 D - a +0 helmet (worn)
Magical Staves
 x - a staff of air
 S - a staff of death
Jewellery
 e - a ring of protection from fire
 f - an amulet of reflection (around neck)
 s - a ring of protection from fire
 u - a +6 ring of intelligence (right hand)
 F - a +4 ring of slaying
 N - a ring of magical power (left hand)
 V - a +6 ring of dexterity
Wands
 A - a wand of flame (8)
 X - a wand of mindburst (7)
Scrolls
 t - 5 scrolls of poison
 v - 3 scrolls of immolation
 y - 3 scrolls of teleportation
 G - a scroll of enchant weapon
 L - a scroll of blinking
 P - a scroll of amnesia {unknown}
 R - a scroll of magic mapping
Potions
 b - 4 potions of magic
 c - 3 potions of flight
 h - 5 potions of haste
 l - 4 potions of ambrosia
 n - 6 potions of heal wounds
 o - a potion of invisibility
 q - 5 potions of curing
 r - 2 potions of brilliance
 z - 3 potions of cancellation
 B - a potion of berserk rage
 C - 2 potions of resistance
 E - 2 potions of mutation
 I - a potion of attraction {unknown}
 Q - a potion of lignification
 T - 2 potions of might


   Skills:
 - Level 2.9 Dodging
 - Level 3.0 Stealth
 - Level 2.9 Shields
 + Level 13.1 Spellcasting
 + Level 11.7 Conjurations
 + Level 8.3 Translocations
 * Level 10.8 Fire Magic
 + Level 9.2 Earth Magic


You had 17 spell levels left.
You knew the following spells:

 Your Spells              Type           Power      Damage    Failure   Level
a - Magic Dart            Conj           100%       1d8       1%          1
b - Searing Ray           Conj           100%       2d8       1%          2
c - Iskenderun's Mystic   Conj/Tloc      75%        2d15      1%          4
f - Fireball              Conj/Fire      40%        3d16      1%          5
m - Summon Small Mammal   Summ           92%        N/A       3%          1
s - Stone Arrow           Conj/Erth      100%       3d13      1%          3
t - Teleport Other        Tloc           69%        N/A       1%          3
x - Foxfire               Conj/Fire      100%       2x1d9     1%          1

Your spell library contained the following spells:

 Spells                   Type           Power      Damage    Failure   Level
 Dazzling Flash           Conj/Hex       100%       N/A       1%          3
 Gell's Gravitas          Tloc           69%        N/A       1%          3
 Portal Projectile        Hex/Tloc       100%       N/A       1%          3
 Fulminant Prism          Conj/Hex       29%        3d14      2%          4
 Beastly Appendage        Tmut           46%        N/A       3%          1
 Sting                    Tmut/Pois      92%        1d7       3%          1
 Cigotuvi's Dreadful Rot  Necr/Pois/Air  46%        N/A       4%          2
 Poisonous Vapours        Pois/Air       46%        N/A       4%          2
 Wereblood                Tmut           23%        N/A       4%          2
 Animate Armour           Summ/Erth      100%       N/A       4%          4
 Leda's Liquefaction      Hex/Erth       26%        N/A       4%          4
 Starburst                Conj/Fire      40%        6d11      4%          6
 Call Canine Familiar     Summ           23%        N/A       10%         3
 Frozen Ramparts          Ice            46%        1d7       10%         3
 Ozocubu's Armour         Ice            23%        N/A       10%         3
 Spider Form              Tmut/Pois      23%        N/A       10%         3
 Summon Guardian Golem    Hex/Summ       23%        N/A       10%         3
 Dispersal                Tloc           34%        N/A       16%         6
 Cause Fear               Hex            11%        N/A       32%         4
 Dispel Undead            Necr           23%        3d12      32%         4
 Ice Form                 Ice/Tmut       23%        N/A       32%         4
 Olgreb's Toxic Radiance  Pois           23%        N/A       32%         4
 Summon Ice Beast         Ice/Summ       23%        N/A       32%         4
 Plasma Beam              Fire/Air       28%        2x1d45    47%         6
 Lehudib's Crystal Spear  Conj/Erth      38%        10d10     96%         8
 Death Channel            Necr           11%        N/A       99%         6
 Dragon Form              Tmut           11%        N/A       100%        7
 Ozocubu's Refrigeration  Ice            11%        4d10      100%        7
 Dragon's Call            Summ           11%        N/A       100%        9


Dungeon Overview and Level Annotations

Branches:
Dungeon (11/15) Zot: 26031  Temple (1/1) D:7 Zot: 5920    Lair (3/5) D:9 Zot: 13866
  Swamp (0/4) Lair:2       Spider (0/4) Lair:3          Orc (0/2) D:10

Altars:
Ashenzari
Cheibriados
Dithmenos
Elyvilon
Fedhas
Gozag
Hepliaklqana
Kikubaaqudgha
Makhleb
Nemelex Xobeh
Okawaru
Qazlal
Ru
Sif Muna
Trog
Uskayaw
Vehumet
Wu Jian
Xom
Yredelemnul
Zin
The Shining One

Shops:
D:2 *(   D:8 :   D:9 =   D:10 *

Annotations:
D:10 2 transporters, Azimandeus's ghost, novice MiHu
Lair:2 2 transporters, turdburglar's ghost, journeyman TrFi
Lair:3 Josephine


Message History

The black mamba bites you!!
You wake up.
The black mamba bites you but does no damage.
The wraith barely misses you.
Casting: Stone Arrow (safe; 1% risk of failure)
Confirm with . or Enter, or press ? or * to list all spells.
You erupt in a blast of force!
The mystic blast hits the wraith.
The wraith is heavily damaged.
The wraith is knocked back by the mystic blast.
The mystic blast hits the black mamba!
The black mamba is heavily wounded.
The black mamba is knocked back by the mystic blast.
The black mamba collides with the dream sheep!
The dream sheep is moderately wounded.
The black mamba is severely wounded.
You are too injured to fight recklessly!
The black mamba attacks as you move away!
The black mamba bites you but does no damage.
The dream sheep is distracted by your dazzling golden aura.
The black mamba bites you!
* * * LOW HITPOINT WARNING * * *
The dream sheep is no longer distracted by gold.
The black mamba bites you.
* * * LOW HITPOINT WARNING * * *
Casting: Iskenderun's Mystic Blast (dangerous; 1% risk of failure)
Confirm with . or Enter, or press ? or * to list all spells.
You erupt in a blast of force!
The mystic blast hits the black mamba.
The black mamba is severely wounded.
The black mamba is knocked back by the mystic blast.
The black mamba collides with the wraith!
The wraith is severely damaged.
The black mamba is almost dead.
The wraith is distracted by your dazzling golden aura.
The dream sheep shake their wool and sparkle.
You feel drowsy...
You fall asleep.
The wraith is no longer distracted by gold.
The dream sheep is distracted by your dazzling golden aura.
The black mamba bites you!!
Ouch! That really hurt!
You die...
Your body crumbles into a pile of gold.

P..........
.......... ........
#$..#@# #$$Y.#
##YWY## .. #..Y..#
. ##.S.#.#####
##### . .
#.@.##.#...# .....
.. #. #..........#
.....
...#.##.........#
.....
................##
.....
.................#
.....
.................#
.....
................#
.....
..................#
.....
#.................#


You could see Josephine, a black mamba, a wraith and 4 dream sheep.

Vanquished Creatures
  A skyshark (Lair:3)
  A bog body (Lair:2)
  2 black mambas (Lair:2)
  A gargoyle (D:10)
  3 rime drakes
  8 cane toads
  An unseen horror (D:11)
  5 komodo dragons
  A kobold demonologist (D:9)
  2 trolls
  7 blink frogs
  5 wraiths
  2 wyverns (D:9)
  A vampire (D:11)
  A basilisk (Lair:1)
  19 yaks
  4 steam dragons
  Menkaure (D:7)
  3 swamp worms (Lair:2)
  2 acid dragons
  8 water moccasins
  2 orc warriors
  2 ice beasts (D:5)
  A black bear (D:6)
  2 sky beasts
  2 ogres
  9 wolves (Lair:2)
  A phantom (D:3)
  5 centaurs
  A kobold brigand (D:9)
  9 bullfrogs
  6 necrophages (Lair:3)
  2 gnoll sergeants
  3 scorpions
  16 wights
  11 killer bees (D:9)
  4 howler monkeys
  An electric eel (Lair:2)
  2 orc priests
  3 gnoll boudas
  2 sleepcaps
  3 hounds
  3 iguanas
  2 orc wizards
  22 gnolls
  5 adders
  12 white imps
  2 worms
  A dart slug (D:4)
  15 orcs
  5 bats
  5 endoplasms
  6 goblins
  7 hobgoblins
  7 jackals
  10 kobolds
  7 quokkas
  4 ball pythons
  4 frilled lizards
  5 rats
287 creatures vanquished.

Vanquished Creatures (others)
  A cane toad (Lair:3)
  21 foxfires
22 creatures vanquished.

Grand Total: 309 creatures vanquished

Notes
Turn   | Place    | Note
-------+----------+-------------------------------------------
     0 | D:1      | mortz the Deep Elf Conjurer began the quest for the Orb.
     0 | D:1      | Reached XP level 1. HP: 10/10 MP: 6/6
   244 | D:1      | Reached XP level 2. HP: 15/15 MP: 5/8
   247 | D:1      | Learned a level 2 spell: Searing Ray
  1035 | D:1      | Reached XP level 3. HP: 19/19 MP: 8/10
  1272 | D:2      | Found an opulent altar of Gozag.
  1280 | D:2      | Became a worshipper of Gozag Ym Sagoz the Greedy
  1361 | D:2      | Found Salox's Antique Weapon Emporium.
  1616 | D:2      | Found Huekiamu's Assorted Antiques.
  2026 | D:2      | Found Huekiamu's Assorted Antiques.
  2079 | D:2      | Found Salox's Antique Weapon Emporium.
  2375 | D:2      | Found an opulent altar of Gozag.
  2595 | D:2      | Bought a pair of boots for 117 gold pieces
  2702 | D:3      | Reached skill level 4 in Spellcasting
  2811 | D:3      | Reached skill level 5 in Conjurations
  2904 | D:3      | Found a glowing silver altar of Zin.
  3113 | D:3      | Reached XP level 4. HP: 24/24 MP: 7/12
  3290 | D:4      | Noticed an ogre
  3297 | D:4      | Killed an ogre
  3298 | D:4      | Reached skill level 5 in Spellcasting
  3298 | D:4      | Reached XP level 5. HP: 28/28 MP: 4/14
  3329 | D:4      | Noticed a phantom
  3340 | D:3      | Killed a phantom
  3467 | D:4      | Found a radiant altar of Vehumet.
  3475 | D:4      | Reached skill level 6 in Spellcasting
  3479 | D:4      | Reached XP level 6. HP: 32/32 MP: 10/17
  3569 | D:4      | Found an ancient bone altar of Kikubaaqudgha.
  3570 | D:4      | Found a shimmering blue altar of Sif Muna.
  4011 | D:4      | Learned a level 3 spell: Stone Arrow
  4470 | D:2      | Bought a scroll labelled BITIRY YNGIC for 26 gold pieces
  4470 | D:2      | Bought a potion of haste for 260 gold pieces
  4524 | D:5      | Entered Level 5 of the Dungeon
  4589 | D:5      | Reached skill level 7 in Spellcasting
  4596 | D:4      | Reached skill level 1 in Earth Magic
  4739 | D:5      | Reached XP level 7. HP: 36/36 MP: 12/19
  5372 | D:5      | Found a hide-covered altar of Uskayaw.
  6016 | D:6      | Reached skill level 8 in Spellcasting
  6016 | D:6      | Reached XP level 8. HP: 41/41 MP: 18/22
  6536 | D:6      | Reached skill level 1 in Shields
  6614 | D:6      | Reached skill level 5 in Earth Magic
  7080 | D:7      | Reached skill level 9 in Spellcasting
  7150 | D:7      | Noticed Menkaure
  7155 | D:7      | Killed Menkaure
  7541 | D:7      | Learned a level 1 spell: Summon Small Mammal
  7548 | D:7      | Reached XP level 9. HP: 39/45 MP: 20/24
  7553 | D:7      | Learned a level 4 spell: Iskenderun's Mystic Blast
  7588 | D:7      | You fall into a shaft and drop 2 floors!
  7606 | D:9      | Noticed a kobold demonologist
  7865 | D:7      | Reached skill level 1 in Translocations
  8071 | D:7      | Found a staircase to the Ecumenical Temple.
  8292 | Temple   | Entered the Ecumenical Temple
  8727 | D:8      | Noticed a walking divine tome
  8803 | D:8      | Noticed a walking frostbound tome
  8806 | D:8      | Found Xuvac's Book Shop.
  8821 | D:8      | Bought a book of Fire for 616 gold pieces
  8823 | D:8      | Learned a level 1 spell: Foxfire
  9027 | D:8      | Reached skill level 1 in Fire Magic
  9319 | D:8      | Reached skill level 10 in Spellcasting
  9481 | D:8      | Learned a level 5 spell: Fireball
  9829 | D:9      | Reached XP level 10. HP: 50/50 MP: 16/26
 10253 | D:9      | Found a staircase to the Lair.
 10277 | D:9      | Reached skill level 5 in Fire Magic
 10467 | D:9      | Reached skill level 5 in Translocations
 10817 | D:9      | Found Fiff's Jewellery Shop.
 10885 | D:9      | Bought a ring of magical power for 220 gold pieces
 10945 | D:9      | Reached skill level 11 in Spellcasting
 10945 | D:9      | Reached skill level 10 in Conjurations
 11078 | D:9      | Found a sparkling altar of Nemelex Xobeh.
 11086 | D:9      | Found a broken altar of Ashenzari.
 11091 | D:9      | Found a white marble altar of Elyvilon.
 11098 | D:9      | Found a shadowy altar of Dithmenos.
 11103 | D:9      | Found an iron altar of Okawaru.
 11110 | D:9      | Found a stormy altar of Qazlal.
 11116 | D:9      | Found a sacrificial altar of Ru.
 11395 | D:10     | Entered Level 10 of the Dungeon
 11488 | D:10     | Noticed a gargoyle
 11724 | D:10     | Killed a gargoyle
 11880 | D:10     | Found a staircase to the Orcish Mines.
 11892 | D:10     | Found Oxeghyo's Changing Room.
 11906 | D:10     | Bought a potion of lignification for 36 gold pieces
 11916 | D:10     | Found a transporter.
 12018 | D:10     | Found a bloodstained altar of Trog.
 12030 | D:10     | Found a transporter.
 12030 | D:10     | Noticed a two-headed ogre
 12030 | D:10     | Noticed a tengu warrior
 12030 | D:10     | Noticed a moth of wrath
 12031 | D:10     | Noticed Azimandeus's ghost (novice MiHu)
 12965 | D:11     | Reached XP level 11. HP: 40/54 MP: 25/28
 13560 | Lair:1   | Entered Level 1 of the Lair of Beasts
 13726 | Lair:1   | You fall into a shaft and drop 1 floor!
 13888 | Lair:2   | Found a transporter.
 14395 | Lair:1   | Reached skill level 12 in Spellcasting
 14546 | Lair:1   | Learned a level 3 spell: Teleport Other
 15036 | Lair:2   | Noticed a bog body
 15133 | Lair:2   | Killed a bog body
 15806 | Lair:2   | Found a transporter.
 15813 | Lair:2   | Noticed a six-headed hydra
 16229 | Lair:2   | Noticed turdburglar's ghost (journeyman TrFi)
 16336 | Lair:2   | Found a staircase to the Swamp.
 16415 | Lair:2   | Reached XP level 12. HP: 59/59 MP: 25/30
 16571 | Lair:3   | Found a hole to the Spider Nest.
 16625 | Lair:3   | Reached skill level 10 in Fire Magic
 16819 | Lair:3   | Noticed Josephine
 17231 | Lair:3   | Reached skill level 13 in Spellcasting
 17686 | Lair:3   | Demolished by a black mamba

Illustrated notes

Levels and vault maps discovered:
D:1:      saegor_arrival_simple_b, layout_loops_corners, minmay_tiny_reverse_x
D:2:      layout_loops_ring, basic_altar, serial_shops, shop,
          nicolae_shop_hallway_plus
D:3:      layout_rooms, zin_statuary, minivault_24
D:4:      layout_basic, grunt_temple_overflow_magic_moments,
          hangedman_decor_lopped
D:5:      nicolae_BIG_FREAKIN_CUBE, layout_loops_ring,
          overflow_temple_1_default, grunt_ministairs_9,
          hangedman_abyss_or_decor_stabs
D:6:      layout_gridville
D:7:      layout_gridville, temple_hall, uniq_menkaure
D:8:      layout_basic, serial_shops, nicolae_shop_mannequins
D:9:      layout_irregular_city, grunt_temple_overflow_octagram,
          lair_entry_dummy, serial_shops, shop, serial_rivers,
          chequers_serial_rivers_large_a, chequers_serial_rivers_micro_e,
          chequers_serial_rivers_small_b, chequers_serial_rivers_small_3
D:10:     layout_gridville, orc_david_3, gammafunk_ghost_wrathful_warriors,
          nicolae_transmutations_shop, dk_rats_in_the_wall
D:11:     layout_loops_ring
Temple:   cyrus_temple_forest
Lair:1:   layout_hall_layers
Lair:2:   layout_roguey, nicolae_swamp_entry_splash_gauntlet, nzn_ghost_randoct,
          portal_ice_cave_entry_imps
Lair:3:   layout_small_grid, spider_nest_entry_web_field,
          chequers_serial_rivers_large_b, roderic_carrion_pond, uniq_josephine

Skill      XL: |  1  2  3  4  5  6  7  8  9 10 11 12 |
---------------+-------------------------------------+-----
Stealth        | 3 |  3.0
Spellcasting   | 4 5 6 7 8 9 10 11 12 13 | 13.1
Conjurations   | 5 6 7 8 9 10 11 | 11.7
Earth Magic    | 1 4 6 7 8 9 |  9.2
Shields        | 2 |  2.9
Translocations | 4 6 7 8 |  8.3
Fire Magic     | 4 7 9 10 | 10.8
Dodging        | |  2.9

Action                     |  1- 3 |  4- 6 |  7- 9 | 10-12 || total
---------------------------+-------+-------+-------+-------++-------
  Melee: Dagger            |       |     4 |       |       ||     4
         Flail             |       |       |     1 |     4 ||     5
   Cast: Magic Dart        |    75 |    67 |     6 |     2 ||   150
         Searing Ray       |     4 |     9 |     5 |     2 ||    20
         Stone Arrow       |       |       |    96 |   274 ||   370
         Iskenderun's Myst |       |       |       |    16 ||    16
         Foxfire           |       |       |       |    13 ||    13
         Fireball          |       |       |       |     2 ||     2
    Use: Scroll            |     1 |     6 |     8 |     9 ||    24
         Potion            |       |       |       |     1 ||     1
 Armour: Leather armour    |     2 |     5 |     5 |    26 ||    38
  Dodge: Dodged            |     4 |    11 |    12 |    48 ||    75
  Block: Other             |       |       |     5 |    15 ||    20
         Reflection        |       |       |     2 |     3 ||     5
